 Dungeon Crawl Stone Soup version 0.21-a0-426-g98080a9 (webtiles) character file.

12 slep the Skirmisher (level 2, -1/24 HPs)
             Began as a Demonspawn Abyssal Knight on Nov 7, 2017.
             Was an Initiate of Lugonu.
             Slain by a sky beast (6 damage)
             ... on level 2 of the Dungeon.
             The game lasted 00:07:09 (800 turns).

slep the Skirmisher (Demonspawn Abyssal Knight)      Turns: 800, Time: 00:07:10

Health: -1/24      AC:  3    Str: 12    XL:     2   Next: 20%
Magic:  3/3        EV: 11    Int: 13    God:    Lugonu [......]
Gold:   100        SH:  4    Dex: 12    Spells: 1/1 levels left

rFire    . . .     SeeInvis .   a - +1 falchion
rCold    . . .     Gourm    .   (no shield)
rNeg     . . .     Faith    .   b - +0 leather armour
rPois    .         Spirit   .   (no helmet)
rElec    .         Reflect  .   (no cloak)
rCorr    .         Harm     .   (no gloves)
MR       .....                  (no boots)
Stlth    +.........             p - amulet of magic regeneration
HPRegen  0.08/turn              (no ring)
MPRegen  0.33/turn              (no ring)

@: no status effects
A: large bone plates 1
a: Renounce Religion


You were on level 2 of the Dungeon.
You worshipped Lugonu.
Lugonu was noncommittal.
You were not hungry.

You visited 1 branch of the dungeon, and saw 2 of its levels.
You visited the Abyss 1 time.

You collected 100 gold pieces.

Inventory:

Hand Weapons
 a - a +1 falchion (weapon)
 d - a +0 lajatang
Missiles
 g - 2 steel javelins (quivered)
 k - 11 sling bullets
Armour
 b - a +0 leather armour (worn)
Jewellery
 p - an amulet of magic regeneration (around neck)
Scrolls
 e - 2 scrolls of remove curse {unknown}
 h - 2 scrolls of identify {unknown}
 l - a scroll of magic mapping {unknown}
Potions
 f - a potion of curing {unknown}
 i - a potion of flight {unknown}
 n - 2 potions of degeneration {unknown}
Comestibles
 c - a bread ration
 j - a meat ration
 m - a chunk of flesh
 o - a royal jelly


   Skills:
 + Level 3.4 Fighting
 + Level 1.9 Long Blades
 + Level 1.9 Armour
 + Level 0.9 Dodging
 + Level 2.5 Invocations


You had one spell level left.
You didn't know any spells.

Dungeon Overview and Level Annotations

Branches:
Dungeon (2/15)

Altars:
Xom


Innate Abilities, Weirdness & Mutations

You are partially covered in large bone plates. (SH +4)


Message History

A rat comes into view.
Some of the chunks of flesh in your inventory have rotted away.
A sky beast comes into view.
You closely miss the sky beast. The sky beast misses you.
You hit the sky beast but do no damage. The sky beast barely misses you.
You hit the sky beast.
The sky beast is lightly wounded.
The sky beast closely misses you.
You barely miss the sky beast.
The sky beast is lightly wounded.
The sky beast barely misses you.
You barely miss the sky beast.
The sky beast is lightly wounded.
The sky beast hits you. The sky beast shocks you.
The sky beast flickers out of sight!
Deactivating autopickup; reactivate with Ctrl-A.
Something hits you.
* * * LOW HITPOINT WARNING * * *
Something shocks you.
You die...

#### .....
####...###
#.@{r.....
#.##...###
#.# ..#
#.# ## #.#
#.# #.#
#.# #.#


You could see a rat.

Vanquished Creatures
  A ball python (D:1)
  A hobgoblin (D:1)
  2 jackals (D:1)
  2 kobolds (D:1)
  2 bats (D:1)
  3 rats (D:1)
11 creatures vanquished.

Notes
Turn   | Place    | Note
-------+----------+-------------------------------------------
     0 | Abyss:1  | slep the Demonspawn Abyssal Knight began the quest for the Orb.
     0 | Abyss:1  | Reached XP level 1. HP: 18/18 MP: 2/2
    30 | Abyss:1  | Noticed an apocalypse crab
   133 | D:1      | Escaped the Abyss
   580 | D:1      | Found a shimmering altar of Xom.
   590 | D:1      | Gained mutation: You are partially covered in large bone plates. (SH +4) [demonic ancestry]
   590 | D:1      | Reached XP level 2. HP: 11/24 MP: 3/3
   795 | D:2      | Noticed a sky beast
   800 | D:2      | Slain by a sky beast

Vault maps used:
D:1:      dpeg_arrival_three_smaller_balls, xom_teletrap_fun
D:2:      wad_crossroads, old_standard_altar, kennysheep_generic_room_4,
          uniq_sigmund, uniq_jessica

Action                   || total
-------------------------++-------
Melee: Falchion          ||    36
       Lajatang          ||    14
Invok: Depart the Abyss  ||     1
Armor: Leather armour    ||    20
Dodge: Dodged            ||    40
Block: Other             ||     2
       Rpst.: Falchion   ||     5

Table legend:
 A = Spawn XP
 B = Non-spawn XP
 C = Spawn XP percentage of total XP
 D = Spawn monster count
 E = Non-spawn monster count
 F = Spawn count percentage of total count
 G = Total turns spent on level
                    A         B        C        D         E        F      G
               +---------+---------+-------+---------+---------+-------+---------
         Total |       0 |      18 |   0.0 |       0 |      11 |   0.0 |   800
               +---------+---------+-------+---------+---------+-------+---------
           D:1 |       0 |      18 |   0.0 |       0 |      11 |   0.0 |   653
               +---------+---------+-------+---------+---------+-------+---------
